 Dungeon Crawl Stone Soup version 0.30.1-9-gdf580d7c3d (webtiles) character file.

Game seed: 14813609850322371135

109 eliilek the Shield-Bearer (level 4, -3/40 HPs)
             Began as a Minotaur Fighter on Sept 24, 2023.
             Slain by a black bear (7 damage)
             ... on level 4 of the Dungeon.
             The game lasted 00:06:00 (2363 turns).

eliilek the Shield-Bearer (Minotaur Fighter)        Turns: 2363, Time: 00:06:01

Health: -3/40      AC:  9    Str: 21    XL:     4   Next: 59%
Magic:  3/3        EV:  9    Int:  5    God:
Gold:   276        SH:  5    Dex: 11    Spells: 3/3 levels left

rFire   . . .        a - +0 flail
rCold   . . .        c - +0 buckler
rNeg    . . .        b - +0 scale mail
rPois   .            (helmet restricted)
rElec   .            (no cloak)
rCorr   .            m - +0 pair of gloves
SInv    .            h - +0 pair of boots
Will    .....        (no amulet) Stlth
                     (no ring)
HPRegen 0.26/turn    (no ring)
MPRegen 0.08/turn

%: no passive effects
@: no status effects
A: horns 2, retaliatory headbutt
a: no special abilities


You were on level 4 of the Dungeon.
You visited 1 branch of the dungeon, and saw 4 of its levels.

You collected 276 gold pieces.

Inventory:

Hand Weapons
 a - a +0 flail (weapon)
Armour
 b - a +0 scale mail (worn)
 c - a +0 buckler (worn)
 h - a +0 pair of boots (worn)
 m - a +0 pair of gloves (worn)
Jewellery
 o - a ring of magical power
Scrolls
 d - a scroll of teleportation {unknown}
 e - 7 scrolls of identify {unknown}
 f - a scroll of enchant armour {unknown}
 i - a scroll of magic mapping {unknown}
 j - a scroll of vulnerability {unknown}
 l - a scroll of enchant weapon {unknown}
 n - a scroll of amnesia {unknown}
Potions
 g - a potion of lignification {unknown}
 k - a potion of magic {unknown}
 p - a potion of heal wounds {unknown}


   Skills:
 + Level 4.2 Fighting
 * Level 3.9 Maces & Flails
 + Level 4.2 Armour
 * Level 4.8 Shields


You had 3 spell levels left.
You didn't know any spells.
Your spell library contained the following spells:

 Spells                   Type           Power      Damage    Failure   Level
 Ensorcelled Hibernation  Hex/Ice        0%         N/A       95%         2
 Passwall                 Tmut/Erth      0%         N/A       95%         2
 Swiftness                Air            0%         N/A       99%         3


Dungeon Overview and Level Annotations

Branches:
Dungeon (4/15)
 Temple: D:4-7

Altars:
Ashenzari


Innate Abilities, Weirdness & Mutations

You have a pair of horns on your head.
You reflexively headbutt those who attack you in melee.


Message History

You barely miss the black bear. Your headbutt misses the black bear.
The black bear is lightly wounded.
You block the black bear's attack. x2
The black bear claws you but does no damage.
You thump the black bear!
The black bear is heavily wounded.
The black bear bites you but does no damage.
The black bear claws you. x2
You barely miss the black bear. Your headbutt misses the black bear.
The black bear is heavily wounded.
The black bear bites you.
The black bear claws you but does no damage.
The black bear barely misses you.
The black bear bites you but does no damage.
The black bear claws you.
The black bear claws you but does no damage.
You sock the black bear!
The black bear is almost dead.
The black bear goes berserk!
You barely miss the black bear.
The black bear is almost dead.
The black bear bites you. The black bear barely misses you.
The black bear claws you. The black bear barely misses you.
The black bear claws you. x2
* * * LOW HITPOINT WARNING * * *
You barely miss the black bear.
The black bear is almost dead.
The black bear bites you but does no damage.
The black bear claws you.
* * * LOW HITPOINT WARNING * * *
The black bear claws you but does no damage.
The black bear bites you but does no damage.
The black bear closely misses you. The black bear claws you.
* * * LOW HITPOINT WARNING * * *
The black bear bites you.
* * * LOW HITPOINT WARNING * * *
The black bear claws you but does no damage.
You block the black bear's attack. The black bear bites you!
You die...

###########
##########..........
#...................
#......###.#########
...####.##...##
#.#(...h###
#.......@.#
###.....#.#
##...##.# ##.###.#
#.# #.# ..# #.# ..#
#.# ##. #.#########
#..........


You could see a black bear (berserk).

Vanquished Creatures
  3 gnolls
  An adder (D:2)
  2 dart slugs (D:1)
  8 orcs (D:3)
  2 ball pythons
  5 bats
  5 endoplasms
  2 giant cockroaches
  2 goblins (D:3)
  4 hobgoblins
  6 jackals
  3 kobolds
  3 quokkas
  5 frilled lizards
  A rat (D:3)
52 creatures vanquished.

Notes
Turn   | Place    | Note
-------+----------+-------------------------------------------
     0 | D:1      | eliilek the Minotaur Fighter began the quest for the Orb.
     0 | D:1      | Reached XP level 1. HP: 19/19 MP: 0/0
   112 | D:1      | Reached XP level 2. HP: 24/27 MP: 1/1
   170 | D:1      | Found a faded altar of an unknown god.
   538 | D:2      | Reached XP level 3. HP: 29/33 MP: 2/2
  1416 | D:3      | Found a broken altar of Ashenzari.
  1420 | D:3      | Saw a vision of the Swamp and the Snake Pit.
  1420 | D:3      | Noticed a naga
  1420 | D:3      | Noticed a naga
  1420 | D:3      | Noticed a shock serpent
  1420 | D:3      | Noticed a naga
  1420 | D:3      | Noticed a black mamba
  1420 | D:3      | Noticed a naga
  1420 | D:3      | Noticed a naga
  1420 | D:3      | Noticed a black mamba
  1420 | D:3      | Noticed an eleionoma
  1420 | D:3      | Noticed a spriggan druid
  1420 | D:3      | Noticed an eleionoma
  1420 | D:3      | Noticed a goliath frog
  1420 | D:3      | Noticed a spriggan rider
  1420 | D:3      | Noticed a tyrant leech
  1420 | D:3      | Noticed a bunyip
  1422 | D:3      | Noticed a naga
  1422 | D:3      | Noticed a seven-headed hydra
  1422 | D:3      | Noticed a mana viper
  1679 | D:3      | Reached XP level 4. HP: 14/40 MP: 3/3
  2343 | D:4      | Noticed a black bear
  2363 | D:4      | Slain by a black bear

Illustrated notes

Levels and vault maps discovered:
D:1:      tarquinn_simple_flora_water_b, layout_rooms,
          shapermc_ecumenical_altar_mp_ritualfount, minmay_tetromino_t4
D:2:      layout_loops_ring, kennysheep_cluttered_room
D:3:      kb_forest_paths, layout_rooms, grunt_ashenzari_visionary
          [grunt_ashenzari_visionary_swamp, grunt_ashenzari_visionary_snake]
D:4:      layout_loops_ring, amcnicky_altar_gilded

Skill      XL: |  1  2  3 |
---------------+----------+-----
Shields        | 4 |  4.8
Maces & Flails | 3 |  3.9
Armour         | 4 |  4.2
Fighting       | 4 |  4.2

Action                     |  1- 3 |  4- 6 || total
---------------------------+-------+-------++-------
  Melee: Flail             |    84 |    66 ||   150
         Headbutt          |     9 |    11 ||    20
    Use: Potion            |     1 |       ||     1
 Armour: Scale mail        |    47 |    31 ||    78
  Dodge: Dodged            |    51 |    30 ||    81
  Block: Buckler           |    24 |    20 ||    44
